 Dungeon Crawl Stone Soup version 0.31-a0-740-g87205ac768 (webtiles) character file.

Game seed: 4769583659082565006

321 Shayle the Changeling (level 6, -7/62 HPs)
             Began as an Ogre Shapeshifter on Sept 12, 2023.
             Mangled by Menkaure (10 damage)
             ... on level 5 of the Dungeon.
             The game lasted 00:07:58 (2977 turns).

Shayle the Changeling (Ogre Shapeshifter)           Turns: 2977, Time: 00:08:00

Health: -7/62      AC:  3    Str: 19    XL:     6   Next: 46%
Magic:  10/10      EV:  9    Int: 13    God:
Gold:   226        SH:  5    Dex:  8    Spells: 11/11 levels left

rFire   . . .        k - +1 whip (venom)
rCold   . . .        (no shield)
rNeg    . . .        a - +0 animal skin
rPois   .            (helmet currently unavailable)
rElec   .            (cloak currently unavailable)
rCorr   .            (gloves unavailable)
SInv    .            (boots unavailable)
Will    +....        q - amulet of reflection
Stlth   +            i - ring of wizardry
HPRegen 0.30/turn    h - ring of willpower
MPRegen 0.12/turn

%: reflection, wizardry (x1)
@: beast-form
A: beast (slay +2), large, unfitting armour, tough skin 1
a: Begin Untransformation


You were on level 5 of the Dungeon.
You were a hulking beast.
You visited 1 branch of the dungeon, and saw 5 of its levels.

You collected 226 gold pieces.

Inventory:

Hand Weapons
 k - a +1 whip of venom (weapon)
Armour
 a - a +0 animal skin (worn)
Jewellery
 h - a ring of willpower (right hand)
 i - a ring of wizardry (left hand)
 q - an amulet of reflection (around neck)
Talismans
 c - a beast talisman (active)
 d - a flux talisman
Wands
 l - a wand of iceblast (1)
 m - a wand of flame (22)
Scrolls
 e - a scroll of enchant armour {unknown}
 g - 3 scrolls of noise
Potions
 j - a potion of resistance


   Skills:
 + Level 4.2 Fighting
 - Level 1.7 Dodging
 + Level 3.9 Unarmed Combat
 + Level 3.1 Spellcasting
 + Level 4.2 Shapeshifting


You had 11 spell levels left.
You didn't know any spells.
Your spell library contained the following spells:

 Spells                   Type           Power      Damage    Failure   Level
 Dazzling Flash           Conj/Hex       4%         N/A       26%         3
 Agony                    Necr           2%         N/A       91%         5
 Silence                  Hex/Air        1%         N/A       91%         5


Dungeon Overview and Level Annotations

Branches:
Dungeon (5/15)
 Temple: D:4-7

Altars:
Wu Jian
Xom

Annotations:
D:4 Pargi
D:5 Grinder, Menkaure


Innate Abilities, Weirdness & Mutations

You are a hulking beast.
Your limbs bulge with bestial killing power. (Slay +2)
You are too large for most types of armour.
You have tough skin. (AC +1)


Message History

Grinder hits you but does no damage. Menkaure hits you but does no damage.
You hit Menkaure.
Menkaure is moderately damaged.
Grinder hits you but does no damage. Menkaure hits you!
* * * LOW HITPOINT WARNING * * *
Grinder hits you but does no damage.
Unknown command.
You barely miss Menkaure.
Menkaure is moderately damaged.
You block Menkaure's attack. Grinder hits you but does no damage.
Unknown command.
You hit Menkaure.
Menkaure is moderately damaged.
Menkaure hits you.
* * * LOW HITPOINT WARNING * * *
Grinder hits you but does no damage. Menkaure hits you.
* * * LOW HITPOINT WARNING * * *
Unknown command.
You barely miss Menkaure.
Menkaure is moderately damaged.
You feel less wooden.
Your +0 animal skin unmelds from your body.
You turn into a hulking beast.
The quokka twitches its whiskers.
Menkaure closely misses you.
Grinder says, "Just stop there for a second..."
Grinder closely misses you.
You hit Menkaure.
Menkaure is heavily damaged.
Menkaure hits you!
* * * LOW HITPOINT WARNING * * *
You block Grinder's attack.
Unknown command.
It was a potion of cancellation.
Your magical effects are unravelling.
You feel magically purged.
You flicker back into view.
The adder hisses angrily.
Menkaure hits you!
You die...

###.............# .l
...........##.### .#
#.
#.########.##.####.#
..#.# #.............#
# #.#.# #............#
#.##.#.#
#..##.##.###.#
.....S.# #..##.##.#
#.#
#..5####..##.##.###.##
#yyMh5...##.##.##...#
#..####.###.##.##...#
#.#ยง........##.......
#..###...............
#. ####.####....... y.
#.# #.##...# .. #.#
#.##...# ... ...
..###### #.# ####


You could see Grinder, Menkaure (fast), 2 killer bees, an adder and an ufetubus.

Vanquished Creatures
  A centaur (D:5)
  2 killer bees (D:5)
  An orc priest (D:3)
  2 iguanas
  3 worms
  2 orcs (D:3)
  3 ball pythons
  2 endoplasms
  4 giant cockroaches
  2 goblins
  4 hobgoblins
  13 jackals
  5 kobolds
  6 bats
  4 frilled lizards
  5 rats
59 creatures vanquished.

Notes
Turn   | Place    | Note
-------+----------+-------------------------------------------
     0 | D:1      | Shayle the Ogre Shapeshifter began the quest for the Orb.
     0 | D:1      | Reached XP level 1. HP: 19/19 MP: 1/1
   157 | D:1      | Reached XP level 2. HP: 26/28 MP: 2/2
   372 | D:1      | Reached skill level 1 in Spellcasting
   507 | D:1      | Reached XP level 3. HP: 35/35 MP: 4/4
  1629 | D:3      | Reached XP level 4. HP: 13/44 MP: 6/6
  2323 | D:3      | Found an ornate altar of the Wu Jian Council.
  2323 | D:3      | Found a shimmering altar of Xom.
  2381 | D:4      | Noticed Pargi
  2383 | D:4      | Noticed a lemure
  2457 | D:4      | Reached XP level 5. HP: 13/53 MP: 6/8
  2651 | D:4      | Noticed a lemure
  2663 | D:5      | Entered Level 5 of the Dungeon
  2691 | D:5      | Noticed a centaur
  2695 | D:5      | Killed a centaur
  2709 | D:5      | Reached XP level 6. HP: 25/62 MP: 8/10
  2934 | D:5      | Noticed Grinder
  2945 | D:5      | Noticed Menkaure
  2962 | D:5      | Paralysed by Grinder for 5 turns
  2976 | D:5      | HP: 3/62 [Menkaure (11)]
  2977 | D:5      | Mangled by Menkaure

Illustrated notes

Levels and vault maps discovered:
D:1:      roderic_crossed_star, layout_loops_ring
D:2:      layout_basic, minivault_11, moated_statue, dreamdust_mushroom_princess
D:3:      layout_loops_ring, gammafunk_temple_overflow_wave,
          dreamdust_wishing_well
D:4:      layout_basic, ldierk_geyser, uniq_pikel, uniq_eustachio, uniq_sigmund,
          uniq_pargi
D:5:      layout_loops_ring, nicolae_tso_carved_into_rock, uniq_menkaure,
          uniq_grinder

Skill      XL: |  1  2  3  4  5  6 |
---------------+-------------------+-----
Fighting       | 2 3 4 |  4.2
Spellcasting   | 1 2 3 |  3.1
Unarmed Combat | 3 |  3.9
Shapeshifting  | 4 |  4.2
Dodging        | |  1.7

Action                     |  1- 3 |  4- 6 || total
---------------------------+-------+-------++-------
  Melee: Unarmed           |   121 |       ||   121
         Punch             |     2 |     1 ||     3
         Whip              |    15 |    66 ||    81
  Evoke: Wand              |       |     6 ||     6
    Use: Scroll            |       |     5 ||     5
         Potion            |       |     4 ||     4
   Stab: Invisible         |       |     1 ||     1
 Armour: Animal skin       |    94 |    22 ||   116
         Skin              |       |    88 ||    88
  Dodge: Dodged            |    74 |    23 ||    97
  Block: Other             |       |    19 ||    19
         Reflection        |       |     2 ||     2

Table legend: (Time is in decaauts)
 A = Elapsed time spent in this place.
 B = Non-inter-level travel time spent in this place.
 C = Inter-level travel time spent in this place.
 D = Time resting spent in this place.
 E = Time spent auto-exploring this place.
 F = Levels seen in this place.
 G = Mean time per level.
                   A        B        C        D        E       F      G
               +--------+--------+--------+--------+--------+-----+--------+
         Total |   2975 |   2893 |     82 |    347 |   2012 |   5 |  595.0 |
       Dungeon |   2975 |   2893 |     82 |    347 |   2012 |   5 |  595.0 |
               +--------+--------+--------+--------+--------+-----+--------+

Top non-repeatable levels by time:
     D:3: 879 daAuts
     D:2: 863 daAuts
     D:1: 680 daAuts
     D:5: 317 daAuts
     D:4: 235 daAuts
